 Dungeon Crawl Stone Soup version 0.25-a0-940-gc6eaff51cc (webtiles) character file.

Game seed: 13618546644645428536, levelgen mode: deterministic

52960 tilp the Quickloader (level 15, -4/92 HPs)
             Began as a Kobold Arcane Marksman on May 5, 2020.
             Was a High Priest of Okawaru.
             Shot with a bolt by an orc warrior (10 damage)
             ... on level 2 of the Orcish Mines.
             The game lasted 01:03:09 (24596 turns).

tilp the Quickloader (Kobold Arcane Marksman)      Turns: 24596, Time: 01:03:10

Health: -4/92      AC: 31    Str: 12    XL:     15   Next: 8%
Magic:  20/21      EV: 11    Int: 16    God:    Okawaru [*****.]
Gold:   1193       SH:  0    Dex: 16    Spells: 12/22 levels left

rFire    . . .     SeeInvis .   b - +11 war axe of the Abyss {vorpal, +Blink rPois MR++}
rCold    . . .     Gourm    .   (shield restricted)
rNeg     + + .     Faith    .   O - +10 plate armour "Yciatomn" {rN+ Slay+3}
rPois    +         Spirit   .   C - +0 helmet (curse)
rElec    .         Reflect  .   o - +2 cloak
rCorr    .         Harm     .   f - +2 pair of gloves
MR       ++++.                  T - +0 pair of boots
Stlth    ..........             q - amulet of the acrobat
HPRegen  0.25/turn              w - ring of positive energy
MPRegen  0.17/turn              M - ring of protection from magic

@: heroism
A: small, carnivore
a: Heroism, Finesse, Renounce Religion, Evoke Blink


You were on level 2 of the Orcish Mines.
You worshipped Okawaru.
Okawaru was extremely pleased with you.
You were completely stuffed.

You visited 4 branches of the dungeon, and saw 19 of its levels.
You also visited: Sewer.

You collected 1638 gold pieces.
You spent 445 gold pieces at shops.

Inventory:

Hand Weapons
 a - a +2 arbalest of freezing
 b - the +11 war axe of the Abyss (weapon) {vorpal, +Blink rPois MR++}
   (You found it on level 6 of the Dungeon)

   It inflicts extra damage upon your enemies.
   It protects you from poison.
   It affects your resistance to hostile enchantments.
   It lets you blink.
Missiles
 l - 61 poisoned darts (quivered)
 x - 22 boomerangs
 H - 153 bolts
 Q - 2 boomerangs of dispersal
Armour
 f - a +2 pair of gloves (worn)
 o - a +2 cloak (worn)
 C - a cursed +0 helmet (worn)
 O - the +10 plate armour "Yciatomn" (worn) {rN+ Slay+3}
   (Okawaru gifted it to you on level 6 of the Lair of Beasts)

   It affects your accuracy and damage with ranged weapons and melee attacks
   (+3).
   It protects you from negative energy.
 T - a +0 pair of boots (worn)
 W - a +2 leather armour of fire resistance
 X - a +1 buckler of protection
Jewellery
 q - an amulet of the acrobat (around neck)
 w - a ring of positive energy (left hand)
 J - an uncursed ring of fire
 L - an uncursed ring of ice
 M - a ring of protection from magic (right hand)
 P - an uncursed ring of see invisible
Wands
 d - a wand of paralysis (4)
 e - a wand of polymorph (4)
 g - a wand of clouds (3)
 t - a wand of iceblast (29)
 N - a wand of acid (7)
 S - a wand of flame (26)
 Z - a wand of digging (8)
Scrolls
 j - 2 scrolls of summoning
 m - a scroll of amnesia
 p - a scroll of brand weapon
 u - 4 scrolls of magic mapping
 v - 3 scrolls of enchant weapon
 y - 4 scrolls of fear
 z - 11 scrolls of remove curse
 A - a scroll of silence
 B - 5 scrolls of teleportation
 D - 2 scrolls of blinking
 F - 2 scrolls of fog
Potions
 h - 3 potions of haste
 i - 3 potions of might
 k - 9 potions of curing
 n - 3 potions of flight
 r - 5 potions of heal wounds
 s - a potion of resistance
 G - a potion of brilliance
 I - a potion of magic
 K - 2 potions of mutation
 V - a potion of invisibility
 Y - a potion of berserk rage
Comestibles
 c - 32 rations


   Skills:
 - Level 10.0(15.0) Fighting
 - Level 12.0(17.0) Axes
 + Level 12.5(17.5) Crossbows
 - Level 10.0(15.0) Dodging
 - Level 6.0(11.0) Stealth
 - Level 4.0(9.0) Shields
 - Level 4.0 Spellcasting
 - Level 8.0 Hexes
 - Level 8.0 Invocations
 - Level 6.0 Evocations


You had 12 spell levels left.
You knew the following spells:

 Your Spells              Type           Power        Failure   Level  Hunger
a - Corona                Hex            ####...      65%         1    None
b - Slow                  Hex            ####....     80%         2    ##.....
c - Portal Projectile     Hex/Tloc       ###...       100%        3    ###....
d - Cause Fear            Hex            ####......   100%        4    ####...

Your spell library contained the following spells:

 Spells                   Type           Power        Failure   Level  Hunger
 Sandblast                Erth           #.....       100%        1    None
 Passwall                 Tmut/Erth      #.......     100%        2    ##.....
 Inner Flame              Hex/Fire       ###.....     100%        3    ###....
 Recall                   Summ/Tloc      N/A          100%        3    ###....
 Stone Arrow              Conj/Erth      #.....       100%        3    ###....
 Leda's Liquefaction      Hex/Erth       ###.......   100%        4    ####...
 Petrify                  Tmut/Erth      #.......     100%        4    ####...
 Summon Lightning Spire   Summ/Air       #.......     100%        4    ####...
 Aura of Abjuration       Summ           #.........   100%        5    ######.
 Bolt of Magma            Conj/Fire/Erth #.........   100%        5    ######.
 Iskenderun's Battlesphe  Conj/Chrm      #.......     100%        5    ######.
 Lee's Rapid Deconstruct  Erth           #.........   100%        5    ######.
 Silence                  Hex/Air        ###.......   100%        5    ######.
 Summon Demon             Summ           #.........   100%        5    ######.
 Summon Forest            Summ/Tloc      #.........   100%        5    ######.
 Summon Mana Viper        Hex/Summ       ###.....     100%        5    ######.
 Conjure Ball Lightning   Conj/Air       #.........   100%        6    #######
 Iron Shot                Conj/Erth      #.........   100%        6    #######
 Shadow Creatures         Summ           N/A          100%        6    #######
 Orb of Destruction       Conj           #.........   100%        7    #######
 Spellforged Servitor     Conj/Summ      #.........   100%        7    #######
 Tornado                  Air            #.........   100%        9    #######


Dungeon Overview and Level Annotations

Branches:
Dungeon (10/15)            Temple (1/1) D:6            Lair (6/6) D:8
 Shoals (0/4) Lair:3       Spider (0/4) Lair:3        Slime (0/5) Lair:6
    Orc (2/2) D:10          Sewer (visited)
    Elf: Orc:2

Altars:
Ashenzari
Cheibriados
Dithmenos
Elyvilon
Fedhas
Gozag
Hepliaklqana
Kikubaaqudgha
Makhleb
Nemelex Xobeh
Okawaru
Qazlal
Ru
Sif Muna
Trog
Uskayaw
Vehumet
Wu Jian
Xom
Yredelemnul
Zin
The Shining One
Jiyva

Shops:
D:4 !   D:5 ?[?:?   D:7 (   D:8 (([*[

Annotations:
D:3 2 transporters
D:6 3 runed translucent doors, Esekla's ghost, novice FoCj; Stelteck's ghost, amateur MfIE
D:10 3 runed translucent doors
Lair:1 exclusion: oklob plant
Lair:2 exclusion: oklob plant


Innate Abilities, Weirdness & Mutations

You are small and have problems with some larger weapons.
You are carnivorous and can eat meat at any time.


Message History

The orc warrior shoots a bolt.
The bolt hits you but does no damage.
The orc knight roars a battlecry!
The orcs go into a battle-frenzy!
An orc comes into view. It is wielding a +0 hand axe.
The orc warrior shoots a bolt.
The bolt hits you.
The orc shouts!
You hear a shout!
You slice the orc warrior!!
You kill the orc warrior!
Okawaru accepts your kill.
The orc warrior shoots a bolt.
The bolt hits you but does no damage.
The orc knight shoots a bolt.
The bolt hits you!
The orc knight shoots a bolt.
The bolt hits you!!
* * * LOW HITPOINT WARNING * * *
The orc warrior shoots a bolt.
The bolt hits you!
* * * LOW HITPOINT WARNING * * *
The orc warrior shoots a bolt.
The bolt hits you!
* * * LOW HITPOINT WARNING * * *
The orc knight shoots a bolt.
The bolt closely misses you.
The orc warrior shoots a bolt.
The bolt hits you!
You die...

###..........###.............
..#.....##.....##............#
........(.(..............#.....
....#...##.o..o....(...........
...#(#.(#ooo((...........#.....
##...((...(..(................
##.#(##((..((.(...).(...........
#..(##....o.(..([[.(............
....oo......o..(@(.(((..........
............o....)(...........##
.##.o##......o.(..(............##
....oc##.........(.(.(........#.#
...o...#....#..............#.....
...o........#........(...........
≈.o.o..#.....#.............#.....
≈≈.....#......o............#.....
.................#.....#


You could see 3 orc knights, 5 orc warriors and 2 orcs.

Vanquished Creatures
  Jorgrun (Orc:1)
  Nessos (Orc:1)
  A fire dragon (Lair:6)
  Josephine (Orc:1)
  4 hydras
  2 catoblepae
  Erolcha (Orc:1)
  5 two-headed ogres
  Urug (Lair:5)
  Nergalle (Lair:4)
  A swamp dragon (Lair:6)
  2 orc sorcerers (Orc:1)
  A cyclops (D:8)
  17 elephants
  2 black mambas
  A torpor snail (Lair:2)
  7 spiny frogs
  2 rime drakes (Lair:6)
  10 komodo dragons
  3 meliai (Lair:5)
  A polar bear (Lair:3)
  A meliai (shapeshifter) (D:8)
  A queen bee (Lair:5)
  6 trolls
  A hornet (Lair:3)
  7 blink frogs
  8 dream sheep
  5 hippogriffs
  5 wraiths (Orc:1)
  8 spriggans (Lair:2)
  3 hogs (D:10)
  A wyvern (Lair:1)
  24 yaks
  A human (D:10)
  4 basilisks
  3 wargs
  An acid dragon (Lair:6)
  20 orc warriors
  6 porcupines
  2 ice beasts
  2 sky beasts
  9 water moccasins
  2 black bears
  3 swamp drakes (Lair:6)
  6 centaurs
  8 ogres
  7 wolves
  12 crocodiles
  A big kobold (Sewer)
  28 bullfrogs
  4 scorpions
  25 killer bees
  A wight (D:8)
  4 howler monkeys
  An electric eel (Lair:5)
  8 crimson imps
  A centaur zombie (D:8)
  2 quasits
  6 hounds
  2 jellies (Lair:6)
  14 orc wizards
  7 orc priests
  11 iguanas
  6 worker ants
  A hound zombie (D:7)
  A hound skeleton (D:7)
  A worker ant zombie (D:9)
  Robin (D:3)
  14 adders
  13 gnolls
  2 river rats (Sewer)
  2 oozes
  An adder zombie (D:5)
  9 worms
  2 dart slugs (D:1)
  6 leopard geckos
  54 orcs
  7 giant cockroaches
  9 hobgoblins
  9 jackals
  5 quokkas
  2 ball pythons
  7 bats
  4 frilled lizards
  18 goblins
  11 kobolds
  A leopard gecko zombie (D:7)
  A quokka skeleton (D:6)
  10 rats
  4 plants
537 creatures vanquished.

Vanquished Creatures (others)
  3 fungi
  11 plants
  3 withered plants (D:6)
17 creatures vanquished.

Grand Total: 554 creatures vanquished

Notes
Turn   | Place    | Note
-------+----------+-------------------------------------------
     0 | D:1      | tilp the Kobold Arcane Marksman began the quest for the
                  | Orb.
     0 | D:1      | Reached XP level 1. HP: 12/12 MP: 2/2
   357 | D:1      | Reached XP level 2. HP: 16/16 MP: 1/3
   454 | D:1      | Learned a level 2 spell: Slow
   568 | D:1      | Reached XP level 3. HP: 20/20 MP: 4/4
  1094 | D:2      | Reached XP level 4. HP: 17/25 MP: 5/5
  1222 | D:2      | Reached skill level 5 in Crossbows
  1678 | D:2      | Reached XP level 5. HP: 29/29 MP: 6/6
  2564 | D:3      | Found a hide-covered altar of Uskayaw.
  2578 | D:3      | Noticed Robin
  2906 | D:3      | Found a glowing drain.
  2924 | D:3      | Reached XP level 6. HP: 29/37 MP: 7/7
  2934 | Sewer    | Entered a sewer
  3221 | Sewer    | Found a white marble altar of Elyvilon.
  3759 | D:3      | Found a transporter.
  3759 | D:3      | Found a transporter.
  3768 | D:3      | Identified the +8 spear of Temperance {vamp, Dex+4}
  4106 | D:4      | Reached XP level 7. HP: 31/43 MP: 6/10
  4442 | D:4      | Reached skill level 5 in Hexes
  4741 | D:4      | Reached XP level 8. HP: 45/48 MP: 11/11
  4752 | D:4      | Reached skill level 1 in Stealth
  4780 | D:4      | Found Mede's Distillery.
  5753 | D:3      | Killed Robin
  5790 | D:5      | Entered Level 5 of the Dungeon
  5807 | D:5      | Found Gustaur's Magic Scroll Boutique.
  6122 | D:5      | Found Wyackoof's Magic Scroll Shoppe.
  6126 | D:5      | Bought a scroll of noise for 12 gold pieces
  6180 | D:5      | Bought a scroll of remove curse for 45 gold pieces
  6432 | D:5      | Found Muikhu's Book Emporium.
  6451 | D:5      | Found Zes Wuig's Magic Scroll Emporium.
  6465 | D:5      | Bought a scroll of fog for 24 gold pieces
  6465 | D:5      | Bought a scroll of magic mapping for 42 gold pieces
  6510 | D:5      | Reached skill level 5 in Fighting
  6531 | D:5      | Found Vistreghu's Armour Emporium.
  6922 | D:5      | Bought a scroll of teleportation for 36 gold pieces
  6962 | D:6      | Reached skill level 5 in Dodging
  6999 | D:6      | Paralysed by a gnoll for 4 turns
  7310 | D:5      | Reached XP level 9. HP: 45/55 MP: 10/12
  7470 | D:6      | Reached skill level 1 in Evocations
  7708 | D:6      | Found a runed translucent gate.
  7708 | D:6      | Found a runed translucent gate.
  7708 | D:6      | Found a runed translucent gate.
  7708 | D:6      | Noticed Esekla's ghost (novice FoCj)
  7709 | D:6      | Noticed Stelteck's ghost (amateur MfIE)
  7723 | D:6      | Found a staircase to the Ecumenical Temple.
  7726 | D:6      | Got a scorched war axe
  7727 | D:6      | Identified the +11 war axe of the Abyss {vorpal, +Blink
                  | rPois MR++} (You found it on level 6 of the Dungeon)
  7740 | Temple   | Entered the Ecumenical Temple
  8067 | Temple   | Became a worshipper of Warmaster Okawaru
  8587 | D:7      | Reached skill level 1 in Axes
  8628 | D:7      | Noticed a hippogriff
  8637 | D:7      | Killed a hippogriff
  8786 | D:7      | Reached * piety under Okawaru
  8999 | D:7      | Found Lucrause's Antique Weapon Emporium.
  9637 | D:8      | Reached XP level 10. HP: 42/60 MP: 13/13
  9733 | D:8      | Found Ypapladd's Antique Weapon Shoppe.
  9735 | D:8      | Found Reuliq's Antique Armour Emporium.
  9756 | D:8      | Found Fopugh's Antique Weapon Shop.
 10067 | D:8      | Found a staircase to the Lair.
 10177 | D:8      | Noticed a cyclops
 10186 | D:8      | Killed a cyclops
 10200 | D:8      | Noticed a two-headed ogre
 10377 | D:8      | Found Ejuo's General Store.
 10386 | D:8      | Reached ** piety under Okawaru
 10386 | D:8      | Reached skill level 5 in Axes
 10391 | D:8      | Bought a scroll of identify for 24 gold pieces
 10609 | D:8      | Killed a two-headed ogre
 10609 | D:8      | Reached skill level 10 in Crossbows
 11031 | D:8      | Found Niozillid's Antique Armour Boutique.
 11039 | D:8      | Bought a glowing leather armour for 150 gold pieces
 11275 | D:5      | Bought a scroll of enchant armour for 112 gold pieces
 11464 | D:9      | Reached *** piety under Okawaru
 11761 | D:9      | Reached XP level 11. HP: 36/64 MP: 14/14
 12061 | D:9      | Received a gift from Okawaru
 12655 | D:9      | Learned a level 3 spell: Portal Projectile
 12660 | D:9      | Learned a level 4 spell: Cause Fear
 12688 | D:10     | Entered Level 10 of the Dungeon
 12895 | D:10     | Reached skill level 1 in Invocations
 12981 | D:10     | Noticed a two-headed ogre
 13039 | D:10     | Killed a two-headed ogre
 13039 | D:10     | Reached **** piety under Okawaru
 13124 | D:10     | Noticed a two-headed ogre
 13148 | D:10     | Killed a two-headed ogre
 13148 | D:10     | Received a gift from Okawaru
 13148 | D:10     | Reached skill level 5 in Evocations
 13181 | D:10     | Found a runed translucent door.
 13182 | D:10     | Noticed a sixfirhy
 13198 | D:10     | Found a runed translucent door.
 13210 | D:10     | Noticed an ice dragon
 13211 | D:10     | Found the +2 shield of Resistance {rF+ rC+ MR+}
 13329 | D:10     | Noticed an ice dragon
 13330 | D:10     | Noticed a fire dragon
 13332 | D:10     | Noticed a fire dragon
 13335 | D:10     | Found a runed translucent door.
 13376 | D:10     | Found a staircase to the Orcish Mines.
 13586 | D:10     | Noticed a two-headed ogre
 13593 | D:10     | Killed a two-headed ogre
 14148 | Lair:1   | Entered Level 1 of the Lair of Beasts
 14266 | Lair:1   | Received a gift from Okawaru
 14305 | Lair:1   | Noticed an oklob plant
 14532 | Lair:1   | Reached skill level 5 in Invocations
 14545 | Lair:1   | Reached XP level 12. HP: 70/70 MP: 18/18
 14818 | Lair:1   | Reached ***** piety under Okawaru
 14970 | Lair:1   | Received a gift from Okawaru
 15193 | Lair:2   | Noticed a seven-headed hydra
 15201 | Lair:2   | Killed a seven-headed hydra
 15352 | Lair:2   | Received a gift from Okawaru
 15426 | Lair:2   | Noticed a seven-headed hydra
 15437 | Lair:2   | Killed a seven-headed hydra
 15437 | Lair:2   | Received a gift from Okawaru
 15925 | Lair:2   | Received a gift from Okawaru
 16110 | Lair:2   | Reached XP level 13. HP: 78/78 MP: 19/19
 16394 | Lair:2   | Received a gift from Okawaru
 16689 | Lair:3   | Found a staircase to the Shoals.
 16978 | Lair:3   | Received a gift from Okawaru
 17124 | Lair:3   | Found a hole to the Spider Nest.
 17685 | Lair:3   | Upgraded the game from 0.25-a0-937-gcfae464cf3 to
                  | 0.25-a0-940-gc6eaff51cc
 18055 | Lair:4   | Noticed Nergalle
 18060 | Lair:4   | Noticed a catoblepas
 18099 | Lair:4   | Killed a catoblepas
 18123 | Lair:4   | Killed Nergalle
 18123 | Lair:4   | Reached skill level 10 in Dodging
 18611 | Lair:4   | Reached skill level 10 in Axes
 18931 | Lair:5   | Noticed a four-headed hydra
 18944 | Lair:4   | Killed a four-headed hydra
 18944 | Lair:4   | Reached skill level 10 in Fighting
 19065 | Lair:5   | Noticed Urug
 19200 | Lair:5   | Reached skill level 5 in Stealth
 19649 | Lair:5   | Reached XP level 14. HP: 88/88 MP: 17/20
 19781 | Lair:5   | Received a gift from Okawaru
 20336 | Lair:5   | Killed Urug
 20399 | Lair:6   | Entered Level 6 of the Lair of Beasts
 20414 | Lair:6   | Reached skill level 1 in Shields
 20553 | Lair:6   | Received a gift from Okawaru
 21129 | Lair:6   | Identified the cursed +1 ring mail "Efrox" {+Blink rElec
                  | rPois Str-4} (You found it on level 6 of the Lair of
                  | Beasts)
 21275 | Lair:6   | Found a runed translucent door.
 21277 | Lair:6   | Found a viscous altar of Jiyva.
 21278 | Lair:6   | Found a staircase to the Slime Pits.
 21884 | Lair:6   | Received a gift from Okawaru
 21885 | Lair:6   | Got a translucent plate armour {god gift}
 22206 | Lair:6   | Identified the +10 plate armour "Yciatomn" {rN+ Slay+3}
                  | (Okawaru gifted it to you on level 6 of the Lair of Beasts)
 22480 | Orc:1    | Entered Level 1 of the Orcish Mines
 22483 | Orc:1    | Noticed Jorgrun
 22546 | Orc:1    | Killed Jorgrun
 22894 | Orc:1    | Noticed Josephine
 22902 | Orc:1    | Killed Josephine
 22908 | Orc:1    | Noticed Erolcha
 22913 | Orc:1    | Killed Erolcha
 23192 | Orc:2    | Entered Level 2 of the Orcish Mines
 23418 | Orc:2    | Received a gift from Okawaru
 23418 | Orc:2    | Reached XP level 15. HP: 77/92 MP: 21/21
 23496 | Orc:2    | Noticed Nessos
 23571 | Orc:1    | HP: 1/92 [poisoned by Nessos]
 24504 | Orc:1    | Killed Nessos
 24596 | Orc:2    | Shot with a bolt by an orc warrior

Levels and vault maps discovered:
D:1:      ncdulo_wetmaze, layout_loops_cross
D:2:      layout_basic, first_ration, mrwooster_statue_mirror
D:3:      layout_basic, nicolae_overflow_hidden_temple,
          gammafunk_ghost_gnarly_gnolls, cheibrodos_sewer_entry_bend, uniq_robin
D:4:      layout_loops_ring, serial_shops,
          nicolae_shop_competitors_out_of_business
D:5:      layout_basic, serial_shops, nicolae_shop_behind_doors, shop, shop,
          nicolae_shop_statue_plus, nicolae_shop_stone
D:6:      layout_cave_pools, minmay_temple_entry_grid, gammafunk_ghost_cemetery,
          kennysheep_small_square
D:7:      layout_loops_corners, serial_shops, nicolae_shop_behind_doors
D:8:      minmay_opposing_rooms, layout_basic, lair_entry_dummy, serial_shops,
          shop, shop_coins, kennysheep_mini_moat, shop, shop
D:9:      layout_stronghold
D:10:     cheibrodos_shockbox, layout_irregular_city, david_orc_1_choice,
          grunt_livestock, minmay_guarded_unrand_resistance
Temple:   regret_index_temple_sigil_plot
Lair:1:   layout_cave_pods, minmay_lair_oklob_items, grunt_megastairs_1
Lair:2:   kb_forest_paths, layout_regular_city
Lair:3:   layout_loops_ring, elwin_shoals_entry_rocks,
          nicolae_spider_entry_non_spiders, serial_bayou_shore_b
Lair:4:   layout_hall_layers, st_stairs_11, uniq_nergalle
Lair:5:   layout_gridlike, special_room [special_room_bee], minivault_24,
          uniq_urug
Lair:6:   guppyfry_lair_end_dragon, layout_regular_city, slime_altar_2,
          grunt_megastairs_2, serial_bayou_shore_b
Orc:1:    layout_diamond_mine, uniq_josephine, uniq_erolcha, uniq_jorgrun
Orc:2:    st_orc_rangers, layout_caves, uniq_nessos

Skill      XL: |  1  2  3  4  5  6  7  8  9 10 11 12 13 14 |
---------------+-------------------------------------------+-----
Crossbows      | 3 4 5 6 8 10 12 | 12.5
Fighting       | 3 4 6 7 10 | 10.0
Spellcasting   | 2 4 |  4.0
Hexes          | 4 6 7 8 |  8.0
Stealth        | 4 6 |  6.0
Dodging        | 5 6 8 10 | 10.0
Evocations     | 4 6 |  6.0
Axes           | 3 7 8 10 12 | 12.0
Invocations    | 5 8 |  8.0
Shields        | 4 |  4.0

Action                   |  1- 3 |  4- 6 |  7- 9 | 10-12 | 13-15 || total
-------------------------+-------+-------+-------+-------+-------++-------
Melee: Dagger            |    25 |   176 |   253 |       |       ||   454
       Mace              |    24 |    14 |       |       |       ||    38
       Hand crossbow     |       |       |     1 |       |       ||     1
       War axe           |       |       |    91 |   382 |   570 ||  1043
       Punch             |       |       |       |     1 |     8 ||     9
 Fire: Hand crossbow     |    31 |    47 |    87 |   140 |   177 ||   482
       Arbalest          |       |       |       |       |    66 ||    66
Throw: Dart              |       |       |     6 |     3 |    10 ||    19
 Cast: Corona            |    11 |     6 |     8 |     1 |       ||    26
       Slow              |       |       |     2 |    13 |     2 ||    17
Invok: Heroism           |       |       |       |    10 |    17 ||    27
       Finesse           |       |       |       |       |     3 ||     3
Evoke: Wand              |       |       |       |     2 |     1 ||     3
  Use: Scroll            |       |    12 |     6 |     8 |     6 ||    32
       Potion            |       |     1 |     1 |     1 |     3 ||     6
 Stab: Sleeping          |       |     1 |     5 |     3 |     5 ||    14
       Paralysed         |       |       |       |     3 |     2 ||     5
       Distracted        |       |       |       |     1 |     1 ||     2
  Eat: Chunk             |     9 |    10 |    18 |    21 |    27 ||    85
Armor: Leather armour    |    16 |    60 |    87 |    23 |       ||   186
       Skin              |       |       |       |    25 |       ||    25
       Troll leather arm |       |       |       |    35 |    96 ||   131
       Plate armour      |       |       |       |       |    98 ||    98
Dodge: Dodged            |    52 |   155 |   291 |   364 |   639 ||  1501

Table legend:
 A = Non-vault XP
 B = Vault XP
 C = Vault XP percentage of total XP
 D = Non-vault monster count
 E = Vault monster count
 F = Vault count percentage of total count
                 A         B        C        D         E       F
            +---------+---------+-------+---------+---------+-------
      Total |   48605 |   27053 |  35.8 |     389 |     144 |  27.0
            +---------+---------+-------+---------+---------+-------
        D:1 |      47 |       0 |   0.0 |      19 |       0 |   0.0
        D:2 |     117 |       0 |   0.0 |      25 |       0 |   0.0
        D:3 |     212 |      26 |  10.9 |      39 |       5 |  11.4
        D:4 |     638 |      16 |   2.4 |      29 |       9 |  23.7
        D:5 |     647 |       0 |   0.0 |      16 |       0 |   0.0
        D:6 |     446 |      52 |  10.4 |      14 |       2 |  12.5
        D:7 |    1262 |       0 |   0.0 |      25 |       0 |   0.0
        D:8 |     985 |    2068 |  67.7 |      15 |       8 |  34.8
        D:9 |    2018 |       0 |   0.0 |      30 |       0 |   0.0
       D:10 |    4544 |    1760 |  27.9 |      28 |      13 |  31.7
     Lair:1 |    4966 |       0 |   0.0 |      25 |       0 |   0.0
     Lair:2 |    5656 |    3726 |  39.7 |      19 |      14 |  42.4
     Lair:3 |    4405 |     361 |   7.6 |      25 |       8 |  24.2
     Lair:4 |    6986 |    1043 |  13.0 |      22 |       3 |  12.0
     Lair:5 |    4139 |    3331 |  44.6 |      17 |      25 |  59.5
     Lair:6 |    8460 |    5510 |  39.4 |      22 |      25 |  53.2
      Orc:1 |    2304 |    7995 |  77.6 |      11 |      12 |  52.2
      Orc:2 |     773 |    1030 |  57.1 |       8 |      10 |  55.6
      Sewer |       0 |     135 | 100.0 |       0 |      10 | 100.0
            +---------+---------+-------+---------+---------+-------
